 Dungeon Crawl Stone Soup version 0.21.0 (webtiles) character file.

91 hairmachine the Magician (level 4, 0/38 HPs)
             Began as a Gnoll Wanderer on Jan 7, 2018.
             Slain by a goblin (2 damage)
             ... on level 2 of the Dungeon.
             The game lasted 00:03:34 (1640 turns).

hairmachine the Magician (Gnoll Wanderer)           Turns: 1640, Time: 00:03:34

Health: 0/38       AC: 10    Str: 17    XL:     4   Next: 59%
Magic:  13/13      EV:  7    Int: 16    God:
Gold:   151        SH:  0    Dex: 11    Spells: 17/17 levels left

rFire    . . .     SeeInvis .   a - +2 falchion
rCold    . . .     Gourm    .   (no shield)
rNeg     . . .     Faith    .   g - +0 storm dragon scales
rPois    .         Spirit   .   (no helmet)
rElec    +         Reflect  .   (no cloak)
rCorr    .         Harm     .   (no gloves)
MR       .....                  (no boots)
Stlth    ..........             (no amulet)
HPRegen  0.12/turn              (no ring)
MPRegen  0.13/turn              (no ring)

@: lethally poisoned (0 -> -1), flying
A: distributed training, fangs 1, strong nose
a: no special abilities


You were on level 2 of the Dungeon.
You were hungry.

You visited 1 branch of the dungeon, and saw 3 of its levels.

You collected 151 gold pieces.

Inventory:

Hand Weapons
 a - a +2 falchion (weapon)
Missiles
 h - 38 stones (quivered)
Armour
 g - +0 storm dragon scales (worn)
Scrolls
 c - a scroll of enchant armour {unknown}
 e - 3 scrolls of remove curse {unknown}
 j - 4 scrolls of identify {unknown}
 l - 3 scrolls of enchant weapon {unknown}
 o - a scroll of blinking {unknown}
Potions
 b - a potion of lignification
 i - a potion of heal wounds {unknown}
 k - a potion of invisibility {unknown}
 m - a potion of cancellation
 n - a potion of curing {unknown}
 p - a potion of berserk rage {unknown}
 q - a potion of flight
Comestibles
 d - 3 rations


   Skills:
 + Level 4.6 Fighting
 + Level 1.1 Short Blades
 + Level 2.7 Long Blades
 + Level 1.1 Axes
 + Level 1.1 Maces & Flails
 + Level 1.1 Polearms
 + Level 1.1 Staves
 + Level 1.1 Slings
 + Level 1.1 Bows
 + Level 1.1 Crossbows
 + Level 1.1 Throwing
 + Level 1.1 Armour
 + Level 1.1 Dodging
 + Level 2.5 Stealth
 + Level 2.7 Shields
 + Level 1.1 Unarmed Combat
 + Level 7.2 Spellcasting
 + Level 3.8 Conjurations
 + Level 0.9 Hexes
 + Level 0.9 Charms
 + Level 0.9 Summonings
 + Level 0.9 Necromancy
 + Level 0.9 Translocations
 + Level 0.9 Transmutations
 + Level 0.9 Fire Magic
 + Level 0.9 Ice Magic
 + Level 0.9 Air Magic
 + Level 0.9 Earth Magic
 + Level 0.9 Poison Magic
 + Level 1.2 Invocations
 + Level 1.1 Evocations


You had 17 spell levels left.
You didn't know any spells.

Dungeon Overview and Level Annotations

Branches:
Dungeon (3/15)

Altars:


Innate Abilities, Weirdness & Mutations

Your experience applies equally to all skills.
You have very sharp teeth.
Your uncanny sense of smell can sniff out nearby items.


Message History

The goblin hits you but does no damage.
The orc priest hits you but does no damage.
You slash the orc priest!
You kill the orc priest!
You are feeling hungry.
The goblin hits you but does no damage. The adder bites you.
The goblin hits you but does no damage.
You closely miss the adder.
You feel sick. The adder bites you.
* * * LOW HITPOINT WARNING * * *
The goblin hits you but does no damage. The adder bites you.
* * * LOW HITPOINT WARNING * * *
Unknown command.
It was a potion of cancellation.
You feel magically purged. The goblin hits you but does no damage.
The adder bites you but does no damage.
It was a potion of flight.
You feel very buoyant.
You fly up into the air.
The adder bites you.
* * * LOW HITPOINT WARNING * * *
The goblin hits you.
You die...

#.# #.# #.#
#........##.# #.#
##.## #.#
######.####.## #.#
##.#.## #.# #.#
#...##
#.###.###.###.# #.#
#.#..# #....##
##....# #.# #....#
#####.###.#####
#.#####..## ##.#.##
#.##.......
#######.#############
#....##..##
..............og@S..#
#######..#
#####.#############.#
#..# # #.# #.# #..#
#####.#
#.#########..#
[.....#
#............#
#######
###########.## # #.#
# #########.### #
###########
#........<...


You could see an adder, an orc and a goblin.

Vanquished Creatures
  An orc priest (D:2)
  An adder (D:2)
  An ooze (D:3)
  3 dart slugs (D:1)
  4 leopard geckos
  2 bats
  2 giant cockroaches
  5 goblins
  7 hobgoblins
  3 kobolds
  2 frilled lizards (D:1)
  5 rats
36 creatures vanquished.

Notes
Turn   | Place    | Note
-------+----------+-------------------------------------------
     0 | D:1      | hairmachine the Gnoll Wanderer began the quest for the Orb.
     0 | D:1      | hairmachine set off with: a +2 falchion, a potion of lignification, a +0 robe, a ration
     0 | D:1      | Reached XP level 1. HP: 20/20 MP: 8/8
   247 | D:1      | Reached XP level 2. HP: 20/26 MP: 10/10
   573 | D:1      | Reached XP level 3. HP: 31/31 MP: 11/11
   937 | D:2      | Reached skill level 1 in Invocations
  1213 | D:2      | Reached skill level 1 in Short Blades
  1213 | D:2      | Reached skill level 1 in Axes
  1213 | D:2      | Reached skill level 1 in Maces & Flails
  1213 | D:2      | Reached skill level 1 in Polearms
  1213 | D:2      | Reached skill level 1 in Staves
  1213 | D:2      | Reached skill level 1 in Slings
  1213 | D:2      | Reached skill level 1 in Bows
  1213 | D:2      | Reached skill level 1 in Crossbows
  1213 | D:2      | Reached skill level 1 in Throwing
  1213 | D:2      | Reached skill level 1 in Armour
  1213 | D:2      | Reached skill level 1 in Dodging
  1213 | D:2      | Reached skill level 1 in Unarmed Combat
  1213 | D:2      | Reached skill level 1 in Evocations
  1631 | D:3      | Reached XP level 4. HP: 31/38 MP: 13/13
  1640 | D:2      | Slain by a goblin

Skill      XL: |  1  2  3 |
---------------+----------+-----
Invocations    | 1 |  1.2
Short Blades   | 1 |  1.1
Axes           | 1 |  1.1
Maces & Flails | 1 |  1.1
Polearms       | 1 |  1.1
Staves         | 1 |  1.1
Slings         | 1 |  1.1
Bows           | 1 |  1.1
Crossbows      | 1 |  1.1
Throwing       | 1 |  1.1
Armour         | 1 |  1.1
Dodging        | 1 |  1.1
Unarmed Combat | 1 |  1.1
Evocations     | 1 |  1.1
Fighting       | |  4.6
Long Blades    | |  2.7
Stealth        | |  2.5
Shields        | |  2.7
Spellcasting   | |  7.2
Conjurations   | |  3.8
Hexes          | |  0.9
Charms         | |  0.9
Summonings     | |  0.9
Necromancy     | |  0.9
Translocations | |  0.9
Transmutations | |  0.9
Fire Magic     | |  0.9
Ice Magic      | |  0.9
Air Magic      | |  0.9
Earth Magic    | |  0.9
Poison Magic   | |  0.9

Action                   |  1- 3 |  4- 6 || total
-------------------------+-------+-------++-------
Melee: Falchion          |   121 |     4 ||   125
       Bite              |    15 |     1 ||    16
  Use: Potion            |       |     2 ||     2
  Eat: Chunk             |     2 |       ||     2
Armor: Robe              |     5 |       ||     5
       Storm dragon scal |    68 |    10 ||    78
Dodge: Dodged            |    54 |     2 ||    56
       Rpst.: Falchion   |    17 |       ||    17
